 Dungeon Crawl Stone Soup version 0.23.2-1-ga50397a6bc (webtiles) character file.

Game seed: 17430258727771509853

1860 Zoreno the Basher (level 8, -5/105 HPs)
             Began as a Minotaur Berserker on May 21, 2019.
             Was a Priest of Trog.
             Slain by an orc warrior
             ... wielding a +0 war axe
              (9 damage)
             ... on level 6 of the Dungeon.
             The game lasted 00:19:34 (4379 turns).

Zoreno the Basher (Minotaur Berserker)              Turns: 4379, Time: 00:19:35

Health: -5/105     AC: 11    Str: 28    XL:     8   Next: 89%
Magic:  7/7        EV:  9    Int:  4    God:    Trog [***...]
Gold:   248        SH: 10    Dex: 11    Spells: 7/7 levels left

rFire    . . .     SeeInvis +   B - +2 mace (holy)
rCold    . . .     Gourm    .   j - +0 shield
rNeg     + . .     Faith    .   p - +3 scale mail {rN+}
rPois    .         Spirit   .   (helmet restricted)
rElec    .         Reflect  .   (no cloak)
rCorr    .         Harm     .   l - +0 pair of gloves
MR       .....                  (no boots)
Stlth    ..........             f - amulet of magic regeneration
HPRegen  0.27/turn              r - ring of see invisible
MPRegen  0.35/turn              e - ring of see invisible

@: berserking, very quick
A: retaliatory headbutt, horns 2
a: Berserk, Trog's Hand, Renounce Religion


You were on level 6 of the Dungeon.
You worshipped Trog.
Trog was most pleased with you.
You were not hungry.

You visited 2 branches of the dungeon, and saw 7 of its levels.

You collected 248 gold pieces.

Inventory:

Hand Weapons
 a - a +0 mace
 g - a +0 short sword of venom
 u - a +0 flail
 y - a +4 quarterstaff of chaos
 B - a +2 mace of holy wrath (weapon)
Armour
 j - a +0 shield (worn)
 l - a +0 pair of gloves (worn)
 p - a +3 scale mail of positive energy (worn)
 A - a +0 cloak of invisibility
Jewellery
 e - a ring of see invisible (right hand)
 f - an amulet of magic regeneration (around neck)
 i - an uncursed ring of see invisible
 r - a ring of see invisible (left hand)
Wands
 q - a wand of disintegration (1)
Scrolls
 b - a scroll of identify
 v - 3 scrolls of remove curse
Potions
 h - 2 potions of berserk rage {unknown}
 k - a potion of cancellation {unknown}
 m - a potion of brilliance {unknown}
 n - 2 potions of flight {unknown}
 o - 2 potions of heal wounds {unknown}
 s - a potion of degeneration {unknown}
 t - a potion of mutation {unknown}
 x - a potion of lignification {unknown}
Comestibles
 c - 4 rations


   Skills:
 + Level 6.0 Fighting
 * Level 10.9 Maces & Flails
 + Level 5.7 Armour
 + Level 4.1 Dodging
 + Level 0.6 Stealth
 + Level 3.1 Shields


You had 7 spell levels left.
You didn't know any spells.
Your spell library was empty.

Dungeon Overview and Level Annotations

Branches:
Dungeon (6/15)             Temple (1/1) D:5

Altars:
Cheibriados
Dithmenos
Elyvilon
Fedhas
Gozag
Kikubaaqudgha
Nemelex Xobeh
Okawaru
Qazlal
Ru
Sif Muna
Trog
Uskayaw
Vehumet
Wu Jian
Xom
Yredelemnul
Zin
The Shining One


Innate Abilities, Weirdness & Mutations

You reflexively headbutt those who attack you in melee.
You have a pair of horns on your head.


Message History

You eat one of the 5 rations.
That ration really hit the spot!
The orc warrior closely misses you.
You hit the orc warrior but do no damage.
Your headbutt misses the orc warrior.
The orc warrior is heavily wounded.
The orc warrior hits you with a +0 war axe!
* * * LOW HITPOINT WARNING * * *
As you read the scroll labeled QOCRUGR YDWEUSK, it crumbles to dust.
The scroll dissolves into smoke.
It was a scroll of fog.
The orc throws a tomahawk.
The tomahawk hits you but does no damage.
The orc warrior hits you with a +0 war axe.
* * * LOW HITPOINT WARNING * * *
You recover from your berserk rage.
You block the orc's attack.
A red film seems to cover your vision as you go berserk!
You feel yourself moving faster!
You feel mighty!
You feel quite a bit more hungry.
The orc warrior hits you with a +0 war axe!
You die...

.....§§.§§§.........#
......§§§§§..#......#
#§§§§..#......#
#§#...........#
#.#........####
#.#........#
#.#........#
#.#...oo...##
#.####>@....#
......>.....###
.....#####....# .....
#....# .... #....#
.... ####....#### ...
#..........#
#....#.....#
#....#.....#


You could see an orc warrior and an orc.

Vanquished Creatures
  Pikel (D:6)
  Sigmund (D:4)
  Eustachio (D:4)
  An ice beast (D:6)
  A slave (D:6)
  2 phantoms (D:5)
  A sky beast (D:5)
  A scorpion (D:4)
  A bullfrog zombie (D:5)
  3 hounds
  2 orc priests
  Crazy Yiuf (D:3)
  2 iguanas
  A jelly (D:5)
  An orc wizard (D:5)
  Ijyb (D:5)
  Terence (D:2)
  7 worker ants
  4 gnolls (D:3)
  3 adders
  A shadow imp (D:6)
  3 dart slugs (D:2)
  4 leopard geckos
  13 orcs
  3 ball pythons (D:3)
  2 giant cockroaches
  5 goblins
  3 hobgoblins
  4 jackals
  A quokka (D:5)
  7 bats
  6 frilled lizards
  A jackal skeleton (D:5)
  7 kobolds
  4 rats
  A plant (D:6)
101 creatures vanquished.

Vanquished Creatures (others)
  A plant (D:2)
1 creature vanquished.

Grand Total: 102 creatures vanquished

Notes
Turn   | Place    | Note
-------+----------+-------------------------------------------
     0 | D:1      | Zoreno the Minotaur Berserker began the quest for the Orb.
     0 | D:1      | Reached XP level 1. HP: 19/19 MP: 0/0
   824 | D:2      | Reached skill level 4 in Maces & Flails
   840 | D:2      | Reached XP level 2. HP: 27/27 MP: 1/1
   903 | D:2      | Noticed Terence
   924 | D:2      | Killed Terence
   924 | D:2      | Reached XP level 3. HP: 33/33 MP: 2/2
  1338 | D:2      | Reached XP level 4. HP: 41/41 MP: 3/3
  1461 | D:3      | Reached skill level 5 in Maces & Flails
  1482 | D:3      | Reached ** piety under Trog
  1515 | D:3      | Reached XP level 5. HP: 23/47 MP: 4/4
  1765 | D:3      | Found an iron altar of Okawaru.
  1779 | D:3      | Found a runed translucent door.
  1780 | D:3      | Noticed Crazy Yiuf
  1810 | D:3      | Found a basalt altar of Yredelemnul.
  1822 | D:3      | Reached skill level 6 in Maces & Flails
  1951 | D:3      | Killed Crazy Yiuf
  2045 | D:3      | Found a snail-covered altar of Cheibriados.
  2735 | D:4      | Reached XP level 6. HP: 51/53 MP: 5/5
  2772 | D:4      | Reached skill level 5 in Fighting
  2827 | D:4      | Reached skill level 7 in Maces & Flails
  2946 | D:4      | Noticed Sigmund
  2954 | D:4      | Killed Sigmund
  2954 | D:4      | Reached XP level 7. HP: 61/61 MP: 6/6
  3026 | D:4      | Noticed Eustachio
  3040 | D:4      | Killed Eustachio
  3040 | D:4      | Reached skill level 8 in Maces & Flails
  3343 | D:5      | Entered Level 5 of the Dungeon
  3388 | D:5      | Found a white marble altar of Elyvilon.
  3396 | D:5      | Reached skill level 9 in Maces & Flails
  3412 | D:5      | Noticed Ijyb
  3417 | D:5      | Reached skill level 1 in Shields
  3427 | D:5      | Killed Ijyb
  3594 | D:5      | Reached XP level 8. HP: 49/69 MP: 7/7
  3744 | D:5      | Found a staircase to the Ecumenical Temple.
  3761 | D:5      | Reached skill level 5 in Armour
  3764 | D:5      | Reached *** piety under Trog
  3787 | Temple   | Entered the Ecumenical Temple
  4189 | D:6      | Noticed Pikel
  4199 | D:6      | Killed Pikel
  4199 | D:6      | Reached skill level 10 in Maces & Flails
  4221 | D:6      | Found a white marble altar of Elyvilon.
  4366 | D:6      | HP: 1/70 [orc warrior/+0 war axe (12)]
  4375 | D:6      | HP: 2/70 [orc warrior/+0 war axe (1)]
  4379 | D:6      | Slain by an orc warrior

Skill      XL: |  1  2  3  4  5  6  7  8 |
---------------+-------------------------+-----
Maces & Flails | 4 5 6 7 9 10 | 10.9
Fighting       | 4 5 6 |  6.0
Armour         | 3 4 5 |  5.7
Dodging        | 3 4 |  4.1
Shields        | 1 3 |  3.1
Stealth        | |  0.6

Action                   |  1- 3 |  4- 6 |  7- 9 || total
-------------------------+-------+-------+-------++-------
Melee: Mace              |    57 |    54 |   129 ||   240
       Headbutt          |     4 |    15 |    29 ||    48
       Flail             |       |    20 |       ||    20
Invok: Berserk           |     3 |     5 |     8 ||    16
  Use: Potion            |       |     1 |     2 ||     3
       Scroll            |       |    10 |     5 ||    15
  Eat: Ration            |     2 |     2 |     3 ||     7
       Chunk             |       |     3 |       ||     3
Armor: Animal skin       |    13 |       |       ||    13
       Scale mail        |    21 |    48 |    57 ||   126
Dodge: Dodged            |    39 |    68 |    47 ||   154
Block: Shield            |       |       |    59 ||    59
